 Dungeon Crawl Stone Soup version 0.22.1-1-ga44c0e56f4 (webtiles) character file.

83 Kaderl the Skirmisher (level 4, -3/40 HPs)
             Began as a Hill Orc Fighter on Oct 12, 2018.
             Slain by Natasha (4 damage)
             ... on level 2 of the Dungeon.
             The game lasted 00:02:21 (1054 turns).

Kaderl the Skirmisher (Hill Orc Fighter)            Turns: 1054, Time: 00:02:21

Health: -3/40      AC:  9    Str: 19    XL:     4   Next: 44%
Magic:  4/4        EV:  7    Int:  8    God:
Gold:   121        SH: 10    Dex: 10    Spells: 3/3 levels left

rFire    . . .     SeeInvis .   a - +0 long sword
rCold    . . .     Gourm    .   c - +1 shield
rNeg     . . .     Faith    .   b - +0 scale mail
rPois    .         Spirit   .   k - +2 hat
rElec    .         Reflect  .   (no cloak)
rCorr    .         Harm     .   (no gloves)
MR       .....                  (no boots)
Stlth    ..........             (no amulet)
HPRegen  0.13/turn              (no ring)
MPRegen  0.09/turn              (no ring)

@: no status effects
A: no striking features
a: no special abilities


You were on level 2 of the Dungeon.
You were not hungry.

You visited 1 branch of the dungeon, and saw 2 of its levels.

You collected 121 gold pieces.

Inventory:

Hand Weapons
 a - a +0 long sword (weapon)
Armour
 b - a +0 scale mail (worn)
 c - a +1 shield (worn)
 k - a +2 hat (worn)
Scrolls
 j - a scroll of teleportation {unknown}
Potions
 d - a potion of might
 e - a potion of invisibility {unknown}
 h - 2 potions of flight {unknown}
 i - a potion of haste {unknown}


   Skills:
 + Level 4.1 Fighting
 + Level 3.4 Long Blades
 + Level 3.8 Armour
 + Level 0.1 Dodging
 + Level 0.1 Stealth
 + Level 4.0 Shields


You had 3 spell levels left.
You didn't know any spells.
Your spell library was empty.

Dungeon Overview and Level Annotations

Branches:
Dungeon (2/15)

Altars:
Fedhas
Vehumet

Annotations:
D:2 Natasha


Message History

You block the shadow imp's attack.
You barely miss Natasha.
Natasha is almost dead.
Natasha stares at you and mumbles some strange words.
You resist with some effort.
The shadow imp hits you but does no damage.
You miss Natasha.
Natasha is almost dead.
Natasha mumbles some strange words.
You block the shadow imp's attack.
You hit Natasha.
Natasha is almost dead.
Natasha completely misses you.
You riposte.
You barely miss Natasha.
Natasha is almost dead.
The shadow imp hits you.
* * * LOW HITPOINT WARNING * * *
Natasha howls an incantation.
Natasha shimmers violently.
Natasha claws you.
You die...

..##....####### #.....# #.#
..##..........##########.#..###.#
(......#...#..........>#........#
..###.###.###................####
..# #..#...#..#'###.....<........
### #...._........#.....<......#.
#..#...#......#..#.....#.###.
#.###.###.)..5...#.#.....# #.
###..#...#..).@h...#.#..#######
#...........#...####....##.....
###........##..5..# #.##.#####.#
...........##.#.).# #.##.# #.#
####.......#......# #.##.# #.#
...........#.P.P..# #.##.#####.#
.............._...# #...........
......######.P.P..# #..#.#####.#
......#...........# #..#.#####.#


You could see an iron imp, Natasha and a shadow imp.

Vanquished Creatures
  Natasha (twice) (D:2)
  2 leopard geckos
  5 bats
  2 giant cockroaches
  3 goblins
  5 hobgoblins
  4 kobolds
  2 ball pythons (D:2)
  2 frilled lizards (D:2)
  4 rats
31 creatures vanquished.

Notes
Turn   | Place    | Note
-------+----------+-------------------------------------------
     0 | D:1      | Kaderl the Hill Orc Fighter began the quest for the Orb.
     0 | D:1      | Reached XP level 1. HP: 19/19 MP: 1/1
    86 | D:1      | Reached XP level 2. HP: 23/27 MP: 2/2
   676 | D:2      | Found a blossoming altar of Fedhas.
   690 | D:2      | Found a radiant altar of Vehumet.
   701 | D:2      | Reached XP level 3. HP: 24/33 MP: 3/3
   806 | D:2      | Noticed Natasha
   819 | D:2      | Killed Natasha
   866 | D:2      | Reached XP level 4. HP: 40/40 MP: 4/4
  1023 | D:2      | Noticed Natasha
  1030 | D:2      | Killed Natasha
  1035 | D:2      | Noticed Natasha
  1051 | D:2      | HP: 1/40 [Natasha (5)]
  1054 | D:2      | Slain by Natasha

Skill      XL: |  1  2  3  4 |
---------------+-------------+-----
Fighting       | 4 |  4.1
Long Blades    | 3 |  3.4
Shields        | 4 |  4.0
Armour         | |  3.8
Dodging        | |  0.1
Stealth        | |  0.1

Action                   |  1- 3 |  4- 6 || total
-------------------------+-------+-------++-------
Melee: Long sword        |    87 |    21 ||   108
  Use: Scroll            |     4 |       ||     4
  Eat: Ration            |       |     1 ||     1
Armor: Scale mail        |    55 |     8 ||    63
Dodge: Dodged            |    41 |     6 ||    47
Block: Shield            |    61 |     8 ||    69
       Rpst.: Long sword |    14 |     3 ||    17
